 Dungeon Crawl Stone Soup version 0.29.1-12-g30fa7ad0bf (webtiles) character file.

Game seed: 15808794679152186703

9656 GeoRichter the Martial Artist (level 11, -3/84 HPs)
             Began as a Demonspawn Monk on Dec 23, 2022.
             Was an Elder of Nemelex Xobeh.
             Succumbed to a black mamba's poison
             ... on level 1 of the Lair of Beasts.
             The game lasted 00:24:59 (12202 turns).

GeoRichter the Martial Artist (Demonspawn Monk)    Turns: 12202, Time: 00:25:00

Health: -3/84      AC: 10    Str: 15    XL:     11   Next: 25%
Magic:  17/17      EV: 18    Int: 12    God:    Nemelex Xobeh [****..]
Gold:   232        SH:  0    Dex: 16    Spells: 10/10 levels left

rFire   + . .      SeeInvis .     - Unarmed
rCold   . . .      Faith    .   (no shield)
rNeg    . . .      Spirit   .   o - +0 ring mail
rPois   .          Reflect  .   z - +0 helmet
rElec   .          Harm     .   G - scarf {repulsion}
rCorr   .          Rampage  .   (no gloves)
Will    .....                   (no boots)
Stlth   ++........              y - amulet of regeneration
HPRegen 1.04/turn               m - ring of protection from cold
MPRegen 0.15/turn               n - ring of fire

@: mighty, agile, lethally poisoned (-3 -> -31), studying Throwing, repel
missiles
A: claws 2, slimy green scales 2, powered by pain 2
a: Renounce Religion, Draw Escape, Draw Destruction, Draw Summoning, Draw Stack,
Triple Draw, Deal Four


You were on level 1 of the Lair of Beasts.
You worshipped Nemelex Xobeh.
Nemelex Xobeh was greatly pleased with you.
You visited 3 branches of the dungeon, and saw 12 of its levels.

You collected 736 gold pieces.
You spent 504 gold pieces at shops.

Inventory:

Hand Weapons
 a - a +0 spear
Missiles
 b - 26 poisoned darts (quivered)
 q - 3 curare-tipped darts {!f}
 A - 2 throwing nets {!f}
Armour
 o - a +0 ring mail (worn)
   (You found it on level 2 of the Dungeon)
 t - a +2 robe of willpower
   (You found it on level 4 of the Dungeon)
 z - a +0 helmet (worn)
   (You found it on level 5 of the Dungeon)
 G - a scarf of repulsion (worn)
   (You bought it in a shop on level 4 of the Dungeon)
Jewellery
 d - a ring of resist corrosion
   (You found it on level 4 of the Dungeon)
 m - a ring of protection from cold (left claw)
   (You found it on level 1 of the Dungeon)
 n - a ring of fire (right claw)
   (You found it on level 2 of the Dungeon)
 w - a ring of positive energy
   (You found it on level 10 of the Dungeon)
 y - an amulet of regeneration (around neck)
   (You bought it in a shop on level 4 of the Dungeon)
 E - a ring of poison resistance
   (You found it on level 9 of the Dungeon)
 L - an amulet of faith {!P}
   (You took it off a gnoll on level 6 of the Dungeon)
Wands
 F - a wand of acid (4)
   (You found it on level 9 of the Dungeon)
 K - a wand of roots (5)
   (You found it on level 10 of the Dungeon)
 M - a wand of charming (5)
   (You took it off a gnoll on level 6 of the Dungeon)
 O - a wand of mindburst (6)
   (You found it on level 1 of the Lair of Beasts)
Scrolls
 e - 3 scrolls of blinking
 g - 4 scrolls of enchant weapon
 h - 3 scrolls of fear
 i - 5 scrolls of enchant armour
 k - 3 scrolls of magic mapping
 p - 9 scrolls of teleportation {@r4}
 s - a scroll of brand weapon
 B - a scroll of fog
 C - a scroll of poison {!r}
 H - a scroll of amnesia {unknown}
Potions
 c - 3 potions of ambrosia
 f - 2 potions of might
 j - a potion of brilliance
 l - 6 potions of haste {@q3}
 r - 4 potions of lignification {!q}
 u - 5 potions of mutation {!q}
 v - 3 potions of curing {@q1}
 x - a potion of resistance
 D - 2 potions of flight
 I - 2 potions of cancellation {unknown}
 J - a potion of invisibility {unknown}
 N - a potion of heal wounds {unknown}


   Skills:
 + Level 7.6 Fighting
 - Level 3.2 Polearms
 + Level 5.2 Armour
 + Level 6.0 Dodging
 - Level 5.0 Stealth
 * Level 9.9 Unarmed Combat
 + Level 8.9 Invocations
 + Level 2.6 Evocations


You had 10 spell levels left.
You didn't know any spells.
Your spell library contained the following spells:

 Spells                   Type           Power      Damage    Failure   Level
 Shock                    Conj/Air       0%         1d3       52%         1
 Summon Small Mammal      Summ           0%         N/A       52%         1
 Ensorcelled Hibernation  Hex/Ice        0%         N/A       67%         2
 Passwall                 Tmut/Erth      0%         N/A       67%         2
 Call Canine Familiar     Summ           0%         N/A       88%         3
 Summon Guardian Golem    Hex/Summ       0%         N/A       88%         3
 Swiftness                Air            0%         N/A       88%         3
 Airstrike                Air            0%         2d(0-16)  99%         4
 Freezing Cloud           Conj/Ice/Air   0%         6-21      100%        5
 Simulacrum               Ice/Necr       0%         N/A       100%        6
 Polar Vortex             Ice            0%         N/A       100%        9


Dungeon Overview and Level Annotations

Branches:
Dungeon (10/15) Zot: 25848  Temple (1/1) D:4 Zot: 5539    Lair (1/5) D:10 Zot: 5432
    Orc: D:9-12

Altars:
Ashenzari
Cheibriados
Dithmenos
Fedhas
Gozag
Hepliaklqana
Kikubaaqudgha
Makhleb
Nemelex Xobeh
Okawaru
Qazlal
Ru
Sif Muna
Trog
Uskayaw
Vehumet
Wu Jian
Xom
Yredelemnul

Shops:
D:4 *   D:10 *

Annotations:
D:5 2 transporters, H0rd4k's ghost, novice OpAr
D:10 2 runed translucent doors, Descartes's ghost, novice TrMo


Innate Abilities, Weirdness & Mutations

You have very sharp fingernails.
You are mostly covered in slimy green scales. (AC +3)
You sometimes gain power by taking damage.


Message History

The catoblepas bellows!
The catoblepas closely misses you.
You scratch the catoblepas. The catoblepas gores you!!
You focus on the pain.
You feel very mighty all of a sudden.
You barely miss the catoblepas. You claw the catoblepas!
The catoblepas closely misses you.
You claw the catoblepas! You mangle the catoblepas!!
You kill the catoblepas!
You see here a catoblepas corpse.
A bullfrog comes into view.
A bullfrog is nearby!
A black mamba comes into view.
The black mamba hisses angrily.
The bullfrog gives a loud, deep croak!
The bullfrog closely misses you.
You mangle the bullfrog!! The bullfrog hits you.
You closely miss the bullfrog. The bullfrog barely misses you.
The black mamba barely misses you. The bullfrog hits you.
You closely miss the bullfrog. The black mamba bites you!
The black mamba closely misses you. The bullfrog hits you.
You mangle the bullfrog!!
You kill the bullfrog!
The black mamba bites you!
You are poisoned.
The black mamba poisons you! The black mamba bites you.
You are more poisoned.
The black mamba poisons you!
You claw the black mamba!
You feel extremely sick. The black mamba bites you!
* * * LOW HITPOINT WARNING * * *
You are lethally poisoned!
The black mamba poisons you!
You mangle the black mamba!!
* * * LOW HITPOINT WARNING * * *
You feel extremely sick. The black mamba misses you.
You barely miss the black mamba. Your claw misses the black mamba.
* * * LOW HITPOINT WARNING * * *
You feel extremely sick. The black mamba bites you!
* * * LOW HITPOINT WARNING * * *
You focus on the pain.
You feel agile all of a sudden. The black mamba completely misses you.
Okay, then.
Blink to where?
As you read the scroll of blinking, it crumbles to dust.
You die...
Your body glows with a rainbow of weird colours and disappears.

.....#......#....+.............
......##..###....#.............
.....#.#..####...#......P......
.................#+P###.#......
...............................
...............................
...............................
........................S......
................@......§.......
.................###.####.....#
.....######.##...# ### #...#
.....#####..##...# .. ..#
.....##.....#P...##... #
.....##.....#P†........
.......<....##...##....
.....#.......#...# ...
.....##..........# .


There were no monsters in sight!

Vanquished Creatures
  A catoblepas (Lair:1)
  Erica (Lair:1)
  An elephant (D:10)
  The ghost of kalagan the Conjurer, a novice DECj of Sif Muna (D:6)
  2 shadows (D:10)
  A wyvern (D:8)
  15 yaks
  A steam dragon (D:8)
  Edmund (D:6)
  6 water moccasins
  An ice beast (D:6)
  2 orc warriors
  2 black bears (D:10)
  An ogre (D:5)
  2 centaurs
  3 phantoms
  A kobold brigand (D:10)
  Blork the orc (D:6)
  7 bullfrogs
  2 necrophages
  3 gnoll sergeants (D:6)
  3 scorpions
  12 wights (D:8)
  16 killer bees
  4 howler monkeys
  3 hounds (D:5)
  A gnoll bouda (D:6)
  3 orc priests
  5 iguanas
  7 orc wizards
  6 gnolls
  7 adders
  A shadow imp (D:5)
  A white imp (D:6)
  An ufetubus (D:7)
  2 worms
  4 dart slugs
  31 orcs
  8 endoplasms
  6 giant cockroaches
  6 goblins
  7 hobgoblins
  3 jackals (D:1)
  5 quokkas
  3 ball pythons
  6 bats
  A frilled lizard (D:1)
  12 kobolds
  3 rats
222 creatures vanquished.

Vanquished Creatures (collateral kills)
  A black bear (D:5)
  A gnoll sergeant (D:8)
  4 gnolls (D:8)
6 creatures vanquished.

Vanquished Creatures (others)
  2 fungi (D:10)
  7 plants
9 creatures vanquished.

Grand Total: 237 creatures vanquished

Notes
Turn   | Place    | Note
-------+----------+-------------------------------------------
     0 | D:1      | GeoRichter the Demonspawn Monk began the quest for the Orb.
     0 | D:1      | Reached XP level 1. HP: 18/18 MP: 1/1
   220 | D:1      | Found a faded altar of an unknown god.
   238 | D:1      | Gained mutation: You have sharp fingernails. [demonic
                  | ancestry]
   238 | D:1      | Reached XP level 2. HP: 17/24 MP: 2/2
   530 | D:1      | Reached skill level 1 in Unarmed Combat
   531 | D:1      | Gained mutation: You are partially covered in slimy green
                  | scales. (AC +2) [demonic ancestry]
   531 | D:1      | Reached XP level 3. HP: 4/29 MP: 3/3
  1900 | D:3      | Noticed a phantom
  1950 | D:2      | Killed a phantom
  1951 | D:2      | Reached skill level 2 in Unarmed Combat
  1951 | D:2      | Gained mutation: You are mostly covered in slimy green
                  | scales. (AC +3) [demonic ancestry]
  1951 | D:2      | Reached XP level 4. HP: 9/35 MP: 4/4
  2419 | D:3      | Reached XP level 5. HP: 41/41 MP: 5/5
  2433 | D:3      | Reached skill level 3 in Unarmed Combat
  3690 | D:4      | Found Seoxaunk's Neck Hole.
  3807 | D:4      | Found a staircase to the Ecumenical Temple.
  3824 | Temple   | Entered the Ecumenical Temple
  4262 | Temple   | Became a worshipper of Nemelex Xobeh the Trickster
  4262 | Temple   | Reached * piety under Nemelex Xobeh
  4262 | Temple   | Received a gift from Nemelex Xobeh
  4262 | Temple   | Reached ** piety under Nemelex Xobeh
  4647 | D:5      | Entered Level 5 of the Dungeon
  4648 | D:5      | Noticed a phantom
  4649 | D:5      | Received a gift from Nemelex Xobeh
  4660 | D:5      | Killed a phantom
  4661 | D:5      | Reached skill level 4 in Unarmed Combat
  4661 | D:5      | Reached skill level 1 in Invocations
  4661 | D:5      | Reached XP level 6. HP: 35/47 MP: 6/6
  5024 | D:5      | Reached XP level 7. HP: 52/52 MP: 8/8
  5100 | D:5      | Reached skill level 5 in Unarmed Combat
  5293 | D:5      | Found a transporter.
  5296 | D:5      | Noticed H0rd4k's ghost (novice OpAr)
  5301 | D:5      | Found a transporter.
  5944 | D:6      | Received a gift from Nemelex Xobeh
  6016 | D:6      | Found a transporter.
  6030 | D:6      | Gained mutation: You have very sharp fingernails. [demonic
                  | ancestry]
  6030 | D:6      | Reached XP level 8. HP: 50/61 MP: 10/10
  6079 | D:6      | Noticed kalagan's ghost (novice DECj)
  6120 | D:6      | Noticed Edmund
  6133 | D:6      | Killed Edmund
  6134 | D:6      | Reached skill level 5 in Stealth
  6213 | D:6      | Reached *** piety under Nemelex Xobeh
  6254 | D:6      | Reached skill level 6 in Unarmed Combat
  6572 | D:6      | Reached skill level 1 in Armour
  6614 | D:6      | Noticed Blork the orc
  6624 | D:6      | Killed Blork the orc
  6898 | D:6      | Reached skill level 5 in Fighting
  6919 | D:6      | Found a transporter.
  6950 | D:6      | Reached skill level 5 in Invocations
  7205 | D:7      | Reached skill level 7 in Unarmed Combat
  7205 | D:7      | Gained mutation: You sometimes gain a little power by
                  | taking damage. [demonic ancestry]
  7205 | D:7      | Reached XP level 9. HP: 21/68 MP: 11/13
  8434 | D:7      | Received a gift from Nemelex Xobeh
  8563 | D:4      | Bought an amulet of regeneration for 360 gold pieces
  8903 | D:8      | Reached **** piety under Nemelex Xobeh
  9120 | D:8      | Reached skill level 8 in Unarmed Combat
  9459 | D:8      | Gained mutation: You sometimes gain power by taking damage.
                  | [demonic ancestry]
  9459 | D:8      | Reached XP level 10. HP: 54/77 MP: 15/15
  9568 | D:9      | Reached skill level 5 in Dodging
  9584 | D:9      | Received a gift from Nemelex Xobeh
 10079 | D:4      | Bought a scarf of repulsion for 144 gold pieces
 10470 | D:10     | Entered Level 10 of the Dungeon
 10578 | D:10     | Reached skill level 9 in Unarmed Combat
 10642 | D:10     | Found a blossoming altar of Fedhas.
 10644 | D:10     | Found a snail-covered altar of Cheibriados.
 10714 | D:10     | Found a staircase to the Lair.
 10714 | D:10     | Noticed an elephant
 10715 | D:10     | Found a large runed translucent door.
 10715 | D:10     | Found a large runed translucent door.
 10718 | D:10     | Reached skill level 1 in Evocations
 10718 | D:10     | Noticed Descartes's ghost (novice TrMo)
 10730 | D:10     | Killed an elephant
 11001 | D:10     | Found Onawkyd's Mayhem Merchandise.
 11430 | D:6      | Reached XP level 11. HP: 84/84 MP: 17/17
 11444 | D:6      | Killed kalagan's ghost
 11452 | D:6      | Reached skill level 5 in Armour
 11634 | Lair:1   | Entered Level 1 of the Lair of Beasts
 11677 | Lair:1   | Noticed Erica
 11689 | Lair:1   | Killed Erica
 11725 | Lair:1   | Reached ***** piety under Nemelex Xobeh
 11818 | Lair:1   | Received a gift from Nemelex Xobeh
 12117 | Lair:1   | Received a gift from Nemelex Xobeh
 12118 | Lair:1   | Noticed a catoblepas
 12161 | Lair:1   | Killed a catoblepas
 12202 | Lair:1   | Succumbed to a black mamba's poison

Illustrated notes

Levels and vault maps discovered:
D:1:      dreamdust_arrival_sigmund_warning, layout_rooms,
          hellmonk_ecumenical_altar_lost_god
D:2:      layout_basic
D:3:      layout_basic
D:4:      layout_loops_ring, minmay_temple_entry_glass,
          nicolae_shop_sticking_my_neck_out
D:5:      layout_basic, gammafunk_ghost_mausoleum
D:6:      layout_loops_ring, gammafunk_ghost_gnarly_gnolls, uniq_blork_the_orc,
          uniq_edmund
D:7:      layout_loops_cross, hellmonk_bongcloud_opening
D:8:      layout_gridville
D:9:      layout_loops_ring
D:10:     layout_roguey, mainiacjoe_overflow_catwalk_spiral, david_lair_generic,
          ebering_ghost_disaster_area, minmay_shop_mayhem, small_statue_alley_b
Temple:   mainiacjoe_temple_big_plus
Lair:1:   layout_regular_city, eino_small_chamber_without_monster, uniq_erica

Skill      XL: |  1  2  3  4  5  6  7  8  9 10 11 |
---------------+----------------------------------+-----
Polearms       | 3 |  3.2
Stealth        | 2 3 4 5 |  5.0
Unarmed Combat | 1 2 4 5 7 8 9 |  9.9
Invocations    | 1 2 3 5 7 8 |  8.9
Fighting       | 4 5 6 7 |  7.6
Armour         | 2 3 4 5 |  5.2
Dodging        | 3 4 5 6 |  6.0
Evocations     | 1 2 |  2.6

Action                   |  1- 3 |  4- 6 |  7- 9 | 10-12 || total
-------------------------+-------+-------+-------+-------++-------
Melee: Spear             |   169 |     7 |       |       ||   176
       Punch             |     3 |     5 |    15 |    12 ||    35
       Unarmed           |       |   203 |   383 |   200 ||   786
Throw: Dart              |       |       |     1 |     2 ||     3
Invok: Draw Destruction  |       |     1 |     6 |     9 ||    16
       Draw Summoning    |       |     1 |     1 |       ||     2
       Stack Five        |       |       |       |     1 ||     1
Evoke: Wand              |       |       |       |     3 ||     3
  Use: Scroll            |       |     7 |     9 |     4 ||    20
       Potion            |       |     1 |     1 |     2 ||     4
 Stab: Sleeping          |    10 |     7 |    10 |     1 ||    28
       Distracted        |       |     1 |     1 |       ||     2
Armor: Robe              |    17 |    29 |    80 |       ||   126
       Ring mail         |    24 |    29 |    25 |    47 ||   125
Dodge: Dodged            |    68 |   100 |   231 |    94 ||   493
